 Dungeon Crawl Stone Soup version 0.22-a0-482-g76e0a5f (webtiles) character file.

18 Leszczynek the Magician (level 2, 0/19 HPs)
             Began as a Barachi Wizard on June 17, 2018.
             Slain by ThereIsNoGod's ghost (6 damage)
             ... on level 3 of the Dungeon.
             The game lasted 00:06:46 (643 turns).

Leszczynek the Magician (Barachi Wizard)             Turns: 643, Time: 00:06:46

Health: 0/19       AC:  3    Str:  8    XL:     2   Next: 66%
Magic:  5/6        EV: 12    Int: 18    God:
Gold:   94         SH:  0    Dex: 10    Spells: 4/7 levels left

rFire    . . .     SeeInvis .   e - +0 short sword
rCold    . . .     Gourm    .   (no shield)
rNeg     . . .     Faith    .   a - +0 robe
rPois    .         Spirit   .   g - +0 helmet
rElec    .         Reflect  .   (no cloak)
rCorr    .         Harm     .   (no gloves)
MR       .....                  (no boots)
Stlth    ++........             (no amulet)
HPRegen  0.06/turn              (no ring)
MPRegen  0.10/turn              (no ring)

@: slow
A: +LOS, swims, slowness 1, strong legs 1
a: Hop


You were on level 3 of the Dungeon.
You were not hungry.

You visited 1 branch of the dungeon, and saw 3 of its levels.

You collected 94 gold pieces.

Inventory:

Hand Weapons
 e - a +0 short sword (weapon)
 l - a +0 blowgun
Missiles
 j - 21 sling bullets
 m - 22 poisoned needles
Armour
 a - a +0 robe (worn)
 b - a +0 hat
 g - a +0 helmet (worn)
Scrolls
 c - a scroll of enchant armour {unknown}
 h - 2 scrolls of blinking {unknown}
Potions
 i - 2 potions of agility {unknown}
 k - a potion of heal wounds {unknown}
Comestibles
 d - 5 rations
 f - 2 chunks of flesh


   Skills:
 - Level 2.1 Dodging
 - Level 1.7 Stealth
 - Level 3.2 Spellcasting
 + Level 2.4 Conjurations
 - Level 2.0 Summonings
   Level 1.1 Translocations


You had 4 spell levels left.
You knew the following spells:

 Your Spells              Type           Power        Failure   Level  Hunger
a - Magic Dart            Conj           ##..         6%          1    None
b - Call Imp              Summ           ##......     11%         2    ##.....

Your spell library contained the following spells:

 Spells                   Type           Power        Failure   Level  Hunger
 Conjure Flame            Conj/Fire      #.......     28%         3    ###....
 Slow                     Hex            #.......     24%         2    ##.....
 Mephitic Cloud           Conj/Pois/Air  #.......     34%         3    ###....
 Blink                    Tloc           N/A          16%         2    ##.....


Dungeon Overview and Level Annotations

Branches:
Dungeon (3/15)

Altars:
Elyvilon

Annotations:
D:3 ThereIsNoGod's ghost, amateur DrTm


Innate Abilities, Weirdness & Mutations

Shadows flee at your approach. (+LOS)
You can swim through water.
You cover ground slowly.
You can hop short distances.


Message History

m - 22 poisoned needles (gained 1)
Found 18 gold pieces.
ThereIsNoGod's ghost (amateur Draconian Transmuter) comes into view.
Found a stone staircase leading up.
You now have 94 gold pieces (gained 18).
Found a scroll labeled JOAMOTT ONEE.
Some of the chunks of flesh in your inventory have rotted away.
You see here a scroll labeled JOAMOTT ONEE.
h - 2 scrolls labeled JOAMOTT ONEE (gained 1)
Casting: Magic Dart (safe; 6% risk of failure)
Confirm with . or Enter, or press ? or * to list all spells.
A shadowy apparition takes form in the air.
ThereIsNoGod's ghost closely misses you.
Your shadow imp hits ThereIsNoGod's ghost.
ThereIsNoGod's ghost closely misses you.
Your shadow imp closely misses ThereIsNoGod's ghost.
ThereIsNoGod's ghost hits you!
Your shadow imp hits ThereIsNoGod's ghost but does no damage.
ThereIsNoGod's ghost hits you.
You die...

..###......##.########)..#.
..............# #...#.
..###..#...#### #.###.
<..........# #.# #.
.......#..######### #.# #.
.#####.#.........<# #.###.
#.#####.........##.# #.#...
#..........####.##.# #.#.#.
#########.W@)##.##.####.#.##
#5##.##.........#.#
#.##.###.#.######.#
#.##.##..[.######.##
#.##.#..............
##.##.#..<...####..##
########...#...#....# #.#)#
...........###.##...##.###.#
#####.##...# ##....#### ##


You could see ThereIsNoGod's ghost and a friendly shadow imp.

Vanquished Creatures
  A leopard gecko (D:3)
  3 giant cockroaches
  A goblin (D:3)
  2 hobgoblins (D:1)
  4 kobolds
  2 bats (D:1)
  A frilled lizard (D:1)
  A rat (D:2)
15 creatures vanquished.

Vanquished Creatures (collateral kills)
  A kobold (D:2)
1 creature vanquished.

Grand Total: 16 creatures vanquished

Notes
Turn   | Place    | Note
-------+----------+-------------------------------------------
     0 | D:1      | Leszczynek the Barachi Wizard began the quest for the Orb.
     0 | D:1      | Reached XP level 1. HP: 13/13 MP: 4/4
   113 | D:1      | Reached skill level 2 in Conjurations
   145 | D:1      | Reached XP level 2. HP: 19/19 MP: 0/6
   155 | D:1      | Learned a level 2 spell: Call Imp
   332 | D:1      | Reached skill level 2 in Summonings
   387 | D:2      | Found a white marble altar of Elyvilon.
   616 | D:3      | Noticed ThereIsNoGod's ghost (amateur DrTm)
   643 | D:3      | Slain by ThereIsNoGod's ghost

Vault maps used:
D:1:      minmay_arrival_stair_chambers, minmay_misc_feat_encased,
          hangedman_abyss_or_decor_stabs, lemuel_another_geyser
D:2:      zin_angel, lemuel_coloured_pillars_altar, first_ration, serial_forest,
          infiniplex_forest_clump_C, infiniplex_forest_clump_medium,
          infiniplex_forest_clump_tiny, infiniplex_forest_lined_room_,
          infiniplex_forest_clump_double, infiniplex_forest_lined_room_2,
          infiniplex_forest_clump_diagonal, kennysheep_generic_room_16
D:3:      uniq_jessica

Skill      XL: |  1  2 |
---------------+-------+-----
Conjurations   | 2 |  2.4
Summonings     | 2 |  2.0
Dodging        | |  2.1
Stealth        | |  1.7
Spellcasting   | |  3.2
Translocations | |  1.1

Action                   || total
-------------------------++-------
Melee: Short sword       ||    16
 Cast: Magic Dart        ||    27
       Call Imp          ||     5
 Stab: Sleeping          ||     1
Armor: Robe              ||     7
Dodge: Dodged            ||    23

Table legend:
 A = Spawn XP
 B = Non-spawn XP
 C = Spawn XP percentage of total XP
 D = Spawn monster count
 E = Non-spawn monster count
 F = Spawn count percentage of total count
 G = Total turns spent on level
                    A         B        C        D         E        F      G
               +---------+---------+-------+---------+---------+-------+---------
         Total |       0 |      26 |   0.0 |       0 |      16 |   0.0 |   643
               +---------+---------+-------+---------+---------+-------+---------
           D:1 |       0 |      14 |   0.0 |       0 |       9 |   0.0 |   264
           D:2 |       0 |       5 |   0.0 |       0 |       4 |   0.0 |   167
           D:3 |       0 |       7 |   0.0 |       0 |       3 |   0.0 |   212
               +---------+---------+-------+---------+---------+-------+---------
